 Dungeon Crawl Stone Soup version 0.27-a0-828-g8289197e94 (webtiles) character file.

Game seed: 10376767853843246732

994 porpoise the Conjurer (level 7, -13/44 HPs)
             Began as a Deep Elf Conjurer on Mar 31, 2021.
             Was an Initiate of Vehumet.
             Killed from afar by a steam dragon (27 damage)
             ... with a ball of steam
             ... on level 6 of the Dungeon.
             The game lasted 00:14:38 (5740 turns).

porpoise the Conjurer (Deep Elf Conjurer)           Turns: 5740, Time: 00:14:39

Health: -13/44     AC:  3    Str:  5    XL:     7   Next: 99%
Magic:  12/16      EV: 12    Int: 24    God:    Vehumet [......]
Gold:   104        SH:  0    Dex: 13    Spells: 5/16 levels left

rFire    . . .     SeeInvis .   a - +0 whip (elec)
rCold    . . .     Faith    .   (no shield)
rNeg     . . .     Spirit   .   b - +0 robe
rPois    .         Reflect  .   (no helmet)
rElec    .         Harm     .   (no cloak)
rCorr    .         Rampage  .   (no gloves)
Will     .....                  e - +0 pair of boots
Stlth    ++........             (no amulet)
HPRegen  0.14/turn              (no ring)
MPRegen  0.15/turn              (no ring)

@: studying Unarmed Combat
A: no striking features
a: Renounce Religion


You were on level 6 of the Dungeon.
You worshipped Vehumet.
Vehumet was noncommittal.
You visited 2 branches of the dungeon, and saw 7 of its levels.

You collected 209 gold pieces.
You spent 105 gold pieces at shops.

Inventory:

Hand Weapons
 a - a +0 whip of electrocution (weapon)
Missiles
 d - 59 sling bullets
 f - 174 stones
 k - 3 boomerangs (quivered)
 q - 8 poisoned darts
 x - 2 throwing nets
Armour
 b - a +0 robe (worn)
 e - a +0 pair of boots (worn)
 v - a +0 buckler
Jewellery
 l - a ring of ice
Scrolls
 h - a scroll of immolation
 i - a scroll of teleportation {unknown}
 n - a scroll of noise {unknown}
 o - a scroll of summoning {unknown}
 r - a scroll of fog {unknown}
 t - a scroll of silence {unknown}
 u - a scroll of blinking
 y - a scroll of amnesia {unknown}
Potions
 c - a potion of heal wounds
 g - a potion of degeneration {unknown}
 j - a potion of lignification
 m - 2 potions of curing
 p - 2 potions of cancellation
 s - a potion of mutation {unknown}
 w - a potion of berserk rage {unknown}
 z - a potion of attraction {unknown}
 A - a potion of brilliance {unknown}


   Skills:
 + Level 4.6 Fighting
 - Level 2.4 Dodging
 - Level 2.4 Stealth
 - Level 5.0 Spellcasting
 - Level 7.0 Conjurations
 + Level 5.1 Hexes


You had 5 spell levels left.
You knew the following spells:

 Your Spells              Type           Power      Damage    Failure   Level
a - Magic Dart            Conj           100%       1d8       1%          1
b - Searing Ray           Conj           78%        3d6       1%          2
c - Fulminant Prism       Conj/Hex       17%        3d11      7%          4
d - Iskenderun's Mystic   Conj/Tloc      22%        2d6       21%         4

Your spell library contained the following spells:

 Spells                   Type           Power      Damage    Failure   Level
 Dazzling Flash           Conj/Hex       70%        N/A       2%          3


Dungeon Overview and Level Annotations

Branches:
Dungeon (6/15)             Temple (1/1) D:5

Altars:
Ashenzari
Cheibriados
Dithmenos
Elyvilon
Fedhas
Gozag
Hepliaklqana
Kikubaaqudgha
Makhleb
Nemelex Xobeh
Okawaru
Qazlal
Ru
Sif Muna
Trog
Uskayaw
Vehumet
Wu Jian
Xom
Yredelemnul
Zin
The Shining One

Shops:
D:4 ?


Message History

You kill the sky beast!
Vehumet accepts your kill.
Your Hexes skill increases to level 5!
You start resting.
Magic restored.
There is a stone staircase leading down here.
A steam dragon comes into view.
The steam dragon hisses angrily.
Casting: Searing Ray (safe; 1% risk of failure)
Confirm with . or Enter, or press ? or * to list all spells.
You can't see any susceptible monsters within range! (Use Z to cast anyway.)
Casting: Searing Ray (safe; 1% risk of failure)
Confirm with . or Enter, or press ? or * to list all spells.
You can't see any susceptible monsters within range! (Use Z to cast anyway.) Unknown command.
The steam dragon breathes steam at you. The ball of steam hits you!
You hear an angry buzzing noise.
Casting: Searing Ray (safe; 1% risk of failure)
Confirm with . or Enter, or press ? or * to list all spells.
Okay, then.
Found a scroll of immolation.
Casting: Searing Ray (safe; 1% risk of failure)
Confirm with . or Enter, or press ? or * to list all spells.
Aiming: Searing Ray (safe; 1% risk of failure)
Press: ? - help, Shift-Dir - straight line, f - steam dragon
Aim: a steam dragon (19% to evade)
The searing ray hits the steam dragon!
The steam dragon is moderately wounded. (Press . to maintain the ray.)
The steam dragon bites you! The steam dragon claws you.
The searing ray hits the steam dragon!
The steam dragon is heavily wounded.
The steam dragon misses you. x2
The searing ray hits the steam dragon!
The steam dragon is almost dead.
The steam dragon breathes steam at you. The ball of steam hits you!!
Ouch! That really hurt!
You die...

#.............#
#.............#
#............#
...........#
?........#
#?......# #######
#8D....#...
##.....##
#..@.....#
#.......##
###.§8#...##
#........###..§.§#
..#
....⌠....##..#.§.#
.#
............##..§#
#
........#..###...#
.......#..## ##.##
#######.### #..
##..## ####


You could see a steam dragon (catching breath).

Vanquished Creatures
  A sky beast (D:6)
  An ogre (D:4)
  A black bear (D:4)
  A bullfrog (D:5)
  A scorpion (D:5)
  A wyvern zombie (D:5)
  A howler monkey (D:6)
  A hound (D:5)
  A centaur skeleton (D:5)
  An orc priest (D:5)
  2 gnoll shamans (D:5)
  A bullfrog skeleton (D:5)
  An iguana (D:5)
  A hound skeleton (D:4)
  A howler monkey zombie (D:5)
  9 gnolls (D:5)
  10 adders
  A white imp (D:5)
  An ufetubus (D:5)
  An adder skeleton (D:4)
  5 dart slugs
  4 orcs
  3 bats
  An endoplasm (D:1)
  9 giant cockroaches
  5 goblins
  8 hobgoblins
  5 jackals (D:1)
  6 kobolds
  A quokka (D:3)
  5 ball pythons
  4 frilled lizards
  3 rats
97 creatures vanquished.

Vanquished Creatures (others)
  4 plants (D:4)
4 creatures vanquished.

Grand Total: 101 creatures vanquished

Notes
Turn   | Place    | Note
-------+----------+-------------------------------------------
     0 | D:1      | porpoise the Deep Elf Conjurer began the quest for the Orb.
     0 | D:1      | Reached XP level 1. HP: 10/10 MP: 6/6
   135 | D:1      | Reached XP level 2. HP: 15/15 MP: 5/8
   138 | D:1      | Learned a level 2 spell: Searing Ray
   767 | D:1      | Reached skill level 5 in Conjurations
   767 | D:1      | Reached XP level 3. HP: 19/19 MP: 6/10
  1821 | D:3      | Reached XP level 4. HP: 24/24 MP: 7/12
  2253 | D:3      | Reached skill level 5 in Spellcasting
  2871 | D:4      | Reached skill level 1 in Fighting
  2957 | D:4      | Reached XP level 5. HP: 29/29 MP: 10/14
  3250 | D:4      | Noticed an ogre
  3257 | D:4      | Killed an ogre
  3258 | D:4      | Reached skill level 6 in Conjurations
  3537 | D:4      | Found Zoreuptopy's Magic Scroll Shoppe.
  3543 | D:4      | Noticed a black bear
  3549 | D:4      | Killed a black bear
  3550 | D:4      | Reached XP level 6. HP: 36/36 MP: 10/15
  3697 | D:4      | Bought a scroll of blinking for 105 gold pieces
  3786 | D:4      | Learned a level 4 spell: Fulminant Prism
  3791 | D:4      | Learned a level 4 spell: Iskenderun's Mystic Blast
  4192 | D:5      | Entered Level 5 of the Dungeon
  4321 | D:5      | Reached skill level 7 in Conjurations
  4418 | D:5      | Reached skill level 1 in Hexes
  4418 | D:5      | Reached XP level 7. HP: 41/41 MP: 11/16
  4491 | D:5      | Found a staircase to the Ecumenical Temple.
  4522 | Temple   | Entered the Ecumenical Temple
  4615 | Temple   | Became a worshipper of Vehumet
  5347 | D:5      | Found an iron altar of Okawaru.
  5661 | D:6      | Reached skill level 5 in Hexes
  5734 | D:6      | Noticed a steam dragon
  5740 | D:6      | Killed from afar by a steam dragon

Illustrated notes

Levels and vault maps discovered:
D:1:      minmay_arrival_three_doors, layout_basic, serial_curves,
          eino_curves_02, eino_curves_04, chequers_serial_rivers_micro_c,
          grunt_decor_cap
D:2:      layout_loops_cross
D:3:      layout_loops_ring, serial_bayou_pond_a
D:4:      layout_basic, serial_shops, shop, serial_bayou_lagoon_a,
          patterned_corridor
D:5:      layout_cave_pools, lemuel_doored_altar,
          minmay_temple_entry_drinking_statues, minmay_misc_feat_room
D:6:      layout_cave_pods, serial_column_ruins, column_ruins_hut_ruined,
          column_ruins_hut_ruined, column_ruins_corridor_straight,
          column_ruins_grid_1, column_ruins_columns_dead_end,
          column_ruins_open_medium, column_ruins_open_medium
Temple:   grunt_wide_crystal_templ

Skill      XL: |  1  2  3  4  5  6  7 |
---------------+----------------------+-----
Spellcasting   | 4 5 |  5.0
Conjurations   | 5 6 7 |  7.0
Fighting       | 1 2 3 4 |  4.6
Hexes          | 1 5 |  5.1
Dodging        | |  2.4
Stealth        | |  2.4

Action                   |  1- 3 |  4- 6 |  7- 9 || total
-------------------------+-------+-------+-------++-------
Throw: Boomerang         |       |     9 |    13 ||    22
 Cast: Magic Dart        |    68 |    31 |       ||    99
       Searing Ray       |     4 |    25 |    24 ||    53
  Use: Scroll            |       |     5 |       ||     5
Armor: Robe              |     1 |       |     5 ||     6
Dodge: Dodged            |     3 |     3 |    16 ||    22

Table legend: (Time is in decaauts)
 A = Elapsed time spent in this place.
 B = Non-inter-level travel time spent in this place.
 C = Inter-level travel time spent in this place.
 D = Time resting spent in this place.
 E = Time spent auto-exploring this place.
 F = Levels seen in this place.
 G = Mean time per level.
                   A        B        C        D        E       F      G
               +--------+--------+--------+--------+--------+-----+--------+
         Total |   5750 |   5591 |    159 |   2354 |   2703 |   7 |  821.4 |
       Dungeon |   5648 |   5498 |    150 |   2354 |   2626 |   6 |  941.3 |
        Temple |    102 |     93 |      9 |      0 |     77 |   1 |  102.0 |
               +--------+--------+--------+--------+--------+-----+--------+

Top non-repeatable levels by time:
     D:4: 1613 daAuts
     D:5: 1056 daAuts
     D:3: 988 daAuts
     D:1: 983 daAuts
     D:2: 798 daAuts
     D:6: 207 daAuts
  Temple: 102 daAuts
